AoeStats
← 西门大官人

Arena

510098498Analyzed
4v4 RM · 3d ago on Sep 29, 2026· 44m 16s· 8 players
Game mode
Random Map
Map size
Large (8 player)
Population
200
Speed
Normal
Resources
Standard
Victory
Conquest
Starting age
Dark Age
Ending age
Imperial Age
RankedLock teamsTeams togetherTeam positionsShared explorationLock speedFull tech treeHidden civsTurbo modeCheats
Victory
Defeat
🇨🇳 Jurchens · China
1418
+15
🇨🇳 Hindustanis · China
1385
+16
🇨🇳 Italians · China
1252
+21
🇨🇳 Bohemians · China
1241
+22
🇨🇳 Portuguese · China
1416
-20
🇵🇪 Spanish · Peru
1401
-19
1368
-18
🇭🇰 Khmer · Hong Kong SAR China
1349
-17
虫
11:18 Feudal Age
15:18 Castle Age
13:11 Double-Bit Axe
13:09 Horse Collar
16:28 Bow Saw
16:20 Heavy Plow
24:38 Wheelbarrow
24:15 Gold Mining
24:17 Stone Mining
25:23 Hand Cart
28:44 Imperial Age
25:59 Loom
26:23 Town Watch
27:43 Town Patrol
28:14 Scale Barding Armor
28:20 Forging
29:29 Chain Barding Armor
29:45 Iron Casting
29:26 Husbandry
29:36 Bloodlines
28:49 Elite Battle Elephant
29:52 Conscription
30:20 Gold Shaft Mining
30:21 Crop Rotation
30:39 Plate Barding Armor
31:15 Blast Furnace
32:46 Tusk Swords
33:37 Capped Ram
35:53 Siege Ram
38:08 Heavy Scorpion
40:43 Chemistry
40:39 Double Crossbow
41:04 Ballistics
Combi | NITRAMDELANIEVE
10:42 Feudal Age
14:59 Castle Age
13:32 Double-Bit Axe
13:41 Horse Collar
16:04 Bow Saw
16:01 Heavy Plow
22:04 Wheelbarrow
24:06 Hand Cart
24:39 Gold Mining
26:48 Gold Shaft Mining
26:05 Stone Mining
26:45 Loom
30:55 Imperial Age
29:01 Scale Mail Armor
29:11 Forging
29:23 Gambesons
29:39 Squires
29:24 Arson
29:57 Chain Mail Armor
30:40 Iron Casting
29:56 Pikeman
32:25 Plate Mail Armor
32:57 Blast Furnace
31:19 Halberdier
31:23 Capped Ram
32:56 Conscription
32:39 Bagains
33:02 Conscription
32:34 Siege Ram
38:17 Stone Shaft Mining
40:42 Elite Konnik
41:21 Stirrups
41:54 Scale Barding Armor
44:09 Fletching
44:22 Padded Archer Armor
44:43 Chain Barding Armor
45:25 Chemistry
CROVERS
8:26 Feudal Age
11:08 Fletching
11:45 Loom
20:10 Castle Age
18:27 Double-Bit Axe
18:48 Horse Collar
21:50 Wheelbarrow
25:24 Town Watch
29:44 Imperial Age
27:17 Stone Mining
28:27 Gold Mining
29:24 Padded Archer Armor
29:40 Bow Saw
30:14 Stone Shaft Mining
30:58 Bloodlines
30:48 Husbandry
31:33 Leather Archer Armor
31:38 Husbandry
32:40 Heavy Plow
34:05 Elite Conquistador
37:00 Conscription
40:28 Ballistics
41:09 Chemistry
42:01 Bodkin Arrow
42:36 Ring Archer Armor
43:29 Bracer
西门大官人
12:16 Feudal Age
11:12 Loom
16:10 Castle Age
14:33 Stone Mining
15:01 Double-Bit Axe
28:20 Wheelbarrow
29:19 Fletching
32:15 Fortified Wall
35:08 Imperial Age
32:41 Horse Collar
33:03 Gold Mining
37:11 Bow Saw
37:02 Heavy Plow
37:10 Scale Mail Armor
39:15 Hand Cart
39:02 Pikeman
39:27 Arson
40:01 Chain Mail Armor
40:45 Plate Mail Armor
41:19 Two-Man Saw
40:24 Halberdier
41:28 Thumb Ring
40:44 Crossbowman
41:27 Padded Archer Armor
41:53 Arbalester
43:05 Ballistics
42:46 Bodkin Arrow
42:23 Elite Skirmisher
43:43 Leather Archer Armor
44:57 Chemistry
44:32 Bracer
送你一个极瘪
10:15 Feudal Age
9:22 Loom
11:07 Feudal Age
16:47 Castle Age
15:44 Double-Bit Axe
16:21 Fletching
18:20 Bow Saw
19:41 Bodkin Arrow
22:41 Wheelbarrow
23:31 Horse Collar
27:39 Heavy Plow
31:15 Imperial Age
28:39 Town Watch
29:19 Ballistics
30:13 Gold Mining
30:20 Stone Mining
31:17 Elite Genoese Crossbowman
32:24 Conscription
33:36 Chemistry
32:17 Treadmill Crane
32:50 Bracer
33:45 Hand Cart
34:14 Padded Archer Armor
35:50 Leather Archer Armor
37:27 Thumb Ring
41:55 Ring Archer Armor
42:54 Stone Shaft Mining
93老玩家回归
10:29 Feudal Age
14:32 Castle Age
12:43 Double-Bit Axe
14:07 Horse Collar
16:47 Wheelbarrow
26:13 Loom
29:03 Imperial Age
27:09 Fletching
28:49 Hand Cart
29:32 Heavy Plow
29:45 Bow Saw
29:31 Gold Mining
29:32 Stone Mining
30:14 Bodkin Arrow
30:20 Padded Archer Armor
30:27 Scale Barding Armor
30:32 Forging
32:02 Conscription
31:43 Grand Trunk Road
33:16 Chain Barding Armor
33:40 Gold Shaft Mining
33:40 Stone Shaft Mining
33:18 Husbandry
33:28 Bloodlines
35:19 Chemistry
34:26 Siege Engineers
36:00 Town Watch
36:53 Plate Barding Armor
36:53 Iron Casting
37:03 Shatagni
36:40 Light Cavalry
39:04 Heavy Camel Rider
39:05 Hussar
42:53 Blast Furnace
42:09 Leather Archer Armor
41:55 Bracer
43:57 Hoardings
06老玩家回归
9:58 Feudal Age
13:57 Castle Age
12:06 Double-Bit Axe
12:23 Horse Collar
14:57 Bow Saw
21:01 Wheelbarrow
23:39 Gold Mining
27:47 Imperial Age
25:39 Loom
26:12 Hand Cart
26:37 Heavy Plow
26:52 Bloodlines
26:43 Husbandry
26:50 Scale Barding Armor
28:52 Conscription
28:54 Chain Barding Armor
28:44 Forging
30:11 Plate Barding Armor
30:05 Elite Steppe Lancer
32:27 Iron Casting
32:51 Gold Shaft Mining
32:06 Stone Mining
32:26 Town Watch
32:34 Fletching
36:49 Blast Furnace
36:21 Masonry
36:32 Ballistics
39:34 Light Cavalry
42:04 Guard Tower
43:15 Chemistry
42:35 Town Patrol
42:35 Hussar
44:43 Keep
43:49 Treadmill Crane
小花花
11:41 Feudal Age
15:54 Castle Age
14:36 Double-Bit Axe
14:33 Horse Collar
15:32 Loom
27:44 Bow Saw
32:23 Imperial Age
30:03 Padded Archer Armor
29:57 Fletching
32:01 Chemistry
31:21 Ballistics
31:46 Wheelbarrow
31:33 Heavy Plow
31:38 Scale Mail Armor
33:09 Hand Cart
32:55 Bodkin Arrow
33:12 Forging
33:18 Chain Mail Armor
33:20 Squires
33:06 Arson
32:41 Pikeman
34:03 Conscription
33:53 Wagenburg Tactics
34:06 Halberdier
Connection lost

Rejoining the realm…

Still unreachable

The connection could not be restored.

Session expired

The server has moved on; the page needs a fresh start.